 Dungeon Crawl Stone Soup version 0.22.1-1-ga44c0e5 (webtiles) character file.

0 schets the Thaumaturge (level 1, 13/13 HPs)
             Began as a Gnoll Wanderer on Oct 5, 2018.
             Quit the game on level 1 of the Dungeon.
             The game lasted 00:00:27 (30 turns).

schets the Thaumaturge (Gnoll Wanderer)               Turns: 30, Time: 00:00:28

Health: 13/13      AC:  2    Str: 13    XL:     1   Next: 10%
Magic:  12/12      EV: 11    Int: 15    God:
Gold:   0          SH:  0    Dex: 14    Spells: 21/22 levels left

rFire    . . .     SeeInvis .   (no weapon)
rCold    . . .     Gourm    .   (no shield)
rNeg     . . .     Faith    .   d - +0 robe
rPois    .         Spirit   .   (no helmet)
rElec    .         Reflect  .   (no cloak)
rCorr    .         Harm     .   (no gloves)
MR       .....                  (no boots)
Stlth    +.........             (no amulet)
HPRegen  0.04/turn              (no ring)
MPRegen  0.13/turn              (no ring)

@: appendage
A: distributed training, fangs 1, horns 2, strong nose
a: End Transformation


You were on level 1 of the Dungeon.
You were not hungry.
You had grown temporary horns.
You visited 1 branch of the dungeon, and saw 1 of its levels.

Inventory:

Hand Weapons
 b - a +2 blowgun
Missiles
 a - 4 curare-tipped needles
Armour
 d - a +0 robe (worn)
Potions
 c - a potion of cancellation {unknown}
Comestibles
 f - a ration
 g - a chunk of flesh


   Skills:
 + Level 0.0 Fighting
 + Level 0.0 Short Blades
 + Level 0.0 Long Blades
 + Level 0.0 Axes
 + Level 0.0 Maces & Flails
 + Level 0.0 Polearms
 + Level 0.0 Staves
 + Level 0.0 Slings
 + Level 0.0 Bows
 + Level 0.0 Crossbows
 + Level 2.3 Throwing
 + Level 0.0 Armour
 + Level 0.0 Dodging
 + Level 0.0 Stealth
 + Level 2.3 Shields
 + Level 0.0 Unarmed Combat
 + Level 11.1 Spellcasting
 + Level 0.0 Conjurations
 + Level 0.0 Hexes
 + Level 1.9 Charms
 + Level 0.0 Summonings
 + Level 0.0 Necromancy
 + Level 0.0 Translocations
 + Level 3.6 Transmutations
 + Level 0.0 Fire Magic
 + Level 0.0 Ice Magic
 + Level 0.0 Air Magic
 + Level 0.0 Earth Magic
 + Level 0.0 Poison Magic
 + Level 0.0 Invocations
 + Level 0.0 Evocations


You had 21 spell levels left.
You knew the following spells:

 Your Spells              Type           Power        Failure   Level  Hunger
a - Beastly Appendage     Tmut           ###...       1%          1    None

Your spell library contained the following spells:

 Spells                   Type           Power        Failure   Level  Hunger
 Ignite Poison            Fire/Tmut/Pois ##......     16%         3    None


Dungeon Overview and Level Annotations

Branches:
Dungeon (1/15)

Altars:


Innate Abilities, Weirdness & Mutations

Your experience applies equally to all skills.
You have very sharp teeth.
Your uncanny sense of smell can sniff out nearby items.
You have a pair of horns on your head.


Message History

Casting: Beastly Appendage (safe; 1% risk of failure)
Confirm with . or Enter, or press ? or * to list all spells.
Okay, then.
Unknown command.
Casting: Beastly Appendage (safe; 1% risk of failure)
Confirm with . or Enter, or press ? or * to list all spells.
You grow a pair of large bovine horns.
The bat closely misses you.
Really attack while wielding your +2 blowgun?
Okay, then.
Wield which item (- for none, * to show all)? (? for menu, Esc to quit)
You are now empty-handed.
The bat barely misses you.
You hit the bat but do no damage. The bat barely misses you. The bat hits you.
You barely miss the bat. You headbutt the bat.
You kill the bat!
You see here a bat corpse.
You see here a bat corpse.
You butcher the bat corpse.
g - a chunk of flesh Are you sure you want to abandon this character and quit the game? (Confirm

+.....####..#####
#..##.# #..#
#####..# #..##
##.# #...# #.#
#.#.# #..##.#.#
#....>.# ####...#
#####.#@#
........#
####.#...#
#.#.....
#.#.#...# ..
..... ... ......
#.. ......# ###
.#.####


There were no monsters in sight!

Vanquished Creatures
  A bat (D:1)
1 creature vanquished.

Notes
Turn   | Place    | Note
-------+----------+-------------------------------------------
     0 | D:1      | Reached skill level 11 in Spellcasting
     0 | D:1      | schets the Gnoll Wanderer began the quest for the Orb.
     0 | D:1      | schets set off with: 4 curare-tipped needles, a +2 blowgun,
                  | a +0 robe, a ration
     0 | D:1      | Reached XP level 1. HP: 13/13 MP: 12/12
     2 | D:1      | Learned a level 1 spell: Beastly Appendage
    30 | D:1      | Quit the game

Skill      XL: | |
---------------+-+-----
Spellcasting   | | 11.1
Throwing       | |  2.3
Shields        | |  2.3
Charms         | |  1.9
Transmutations | |  3.6

Action                   || total
-------------------------++-------
Melee: Unarmed           ||     2
       Headbutt          ||     1
 Cast: Beastly Appendage ||     1
Dodge: Dodged            ||     3
